 Dungeon Crawl Stone Soup version 0.28.0-45-g0d030f2227 (webtiles) character file.

Game seed: 6272246799431080988

7 Ablot the Cutter (level 2, -3/29 HPs)
             Began as a Gnoll Chaos Knight on Apr 12, 2022.
             Was a Plaything of Xom.
             Slain by an unseen horror (shapeshifter) (10 damage)
             ... on level 1 of the Dungeon.
             The game lasted 00:00:24 (138 turns).

Ablot the Cutter (Gnoll Chaos Knight)                Turns: 138, Time: 00:00:25

Health: -3/29      AC:  5    Str: 11    XL:     2   Next: 4%
Magic:  2/2        EV: 11    Int: 11    God:    Xom [..*...]
Gold:   12         SH:  0    Dex: 11    Spells: 1/1 levels left

rFire   . . .      SeeInvis .   a - +0 short sword (chaos)
rCold   . . .      Faith    +   (no shield)
rNeg    . . .      Spirit   .   b - +2 leather armour
rPois   .          Reflect  .   (no helmet)
rElec   .          Harm     .   (no cloak)
rCorr   .          Rampage  .   (no gloves)
Will    .....                   (no boots)
Stlth   +.........              c - amulet of faith
HPRegen 0.09/turn               (no ring)
MPRegen 0.08/turn               (no ring)

@: no status effects
A: fangs 1, strong nose, distributed training
a: Renounce Religion


You were on level 1 of the Dungeon.
You worshipped Xom.
You were a toy of Xom.
You visited 1 branch of the dungeon, and saw 1 of its levels.

You collected 12 gold pieces.

Inventory:

Hand Weapons
 a - a +0 short sword of chaos (weapon)
Missiles
 d - 26 bolts
Armour
 b - a +2 leather armour (worn)
Jewellery
 c - an amulet of faith (around neck)
Scrolls
 e - a scroll of fog {unknown}


   Skills:
 + Level 6.4 Fighting
 + Level 6.4 Short Blades
 + Level 0.2 Long Blades
 + Level 0.2 Axes
 + Level 0.2 Maces & Flails
 + Level 0.2 Polearms
 + Level 0.2 Staves
 + Level 0.2 Slings
 + Level 0.2 Bows
 + Level 0.2 Crossbows
 + Level 0.2 Throwing
 + Level 4.4 Armour
 + Level 2.4 Dodging
 + Level 0.2 Stealth
 + Level 0.2 Shields
 + Level 0.2 Unarmed Combat
 + Level 0.2 Spellcasting
 + Level 0.1 Conjurations
 + Level 0.1 Hexes
 + Level 0.1 Summonings
 + Level 0.1 Necromancy
 + Level 0.1 Translocations
 + Level 0.1 Transmutations
 + Level 0.1 Fire Magic
 + Level 0.1 Ice Magic
 + Level 0.1 Air Magic
 + Level 0.1 Earth Magic
 + Level 0.1 Poison Magic
 + Level 0.3 Invocations
 + Level 0.2 Evocations


You had one spell level left.
You didn't know any spells.
Your spell library contained the following spells:

 Spells                   Type           Power      Damage    Failure   Level
 Summon Ice Beast         Ice/Summ       0%         N/A       99%         4
 Summon Mana Viper        Hex/Summ       0%         N/A       100%        5
 Monstrous Menagerie      Summ           0%         N/A       100%        7


Dungeon Overview and Level Annotations

Branches:
Dungeon (1/15)

Altars:


Innate Abilities, Weirdness & Mutations

You have very sharp teeth.
Your uncanny sense of smell can sniff out nearby items.
Your experience applies equally to all skills.


Message History

A hobgoblin comes into view.
The hobgoblin shouts!
A hobgoblin is nearby!
The hobgoblin closely misses you.
You hit the hobgoblin.
The hobgoblin is severely wounded.
The hobgoblin barely misses you.
You hit the hobgoblin but do no damage.
The hobgoblin is severely wounded.
The hobgoblin hits you.
You hit the hobgoblin.
You kill the hobgoblin!
You have reached level 2!
HP restored.
A ball python comes into view.
The ball python hisses angrily.
A giant cockroach comes into view.
You hit the ball python. Your punch misses the ball python.
The ball python is moderately wounded.
You hit the ball python.
You kill the ball python!
You hit the giant cockroach but do no damage.
The giant cockroach barely misses you.
You hit the giant cockroach.
The giant cockroach changes into a shapeshifter!
Xom is interested.
Xom is highly amused!
Xom grants you a minor favour.
You feel better.
You hit the shapeshifter. You burn the shapeshifter. You bite the shapeshifter.
The shapeshifter is moderately wounded.
The shapeshifter changes into something you cannot see!
No target in view!
Something hits you.
Deactivating autopickup; reactivate with Ctrl-A.
Something hits you! Something completely misses you.
You hit something. You burn something. Something hits you.
You hit something. You burn something. Your bite misses something.
Something hits you.
* * * LOW HITPOINT WARNING * * *
Something hits you but does no damage. Something hits you!
You die...

.# .# .#####
..... .... ..#
##########†.#
#.......@...#
#.########..# #.#
#..# #.# #..# #.#
#..# #.#
######..#
###.###.......#
#.......####..###
#.#.##.....)....#


There were no monsters in sight!

Vanquished Creatures
  2 bats (D:1)
  2 hobgoblins (D:1)
  A ball python (D:1)
  A goblin (D:1)
  A rat (D:1)
7 creatures vanquished.

Notes
Turn   | Place    | Note
-------+----------+-------------------------------------------
     0 | D:1      | Ablot the Gnoll Chaos Knight began the quest for the Orb.
     0 | D:1      | Reached XP level 1. HP: 23/23 MP: 1/1
    91 | D:1      | Reached XP level 2. HP: 28/29 MP: 2/2
   132 | D:1      | Noticed a shapeshifter
   132 | D:1      | a giant cockroach changed into a shapeshifter
   132 | D:1      | XOM: potion effect (curing)
   133 | D:1      | a shapeshifter changed into something unseen
   138 | D:1      | Slain by an unseen horror (shapeshifter)

Illustrated notes

Levels and vault maps discovered:
D:1:      dpeg_arrival_rooms_a, layout_loops_ring, basic_ecumenical_altar

Action                   || total
-------------------------++-------
Melee: Short sword       ||    17
       Bite              ||     1
Armor: Leather armour    ||     4
Dodge: Dodged            ||     7
